Map: Ascension vers Aïur EC

Players

zidar

  • Race: Zerg Zerg
  • League: Gold
  • Spawn Location: 5:00

RedDog - Winner!

  • Race: Zerg Zerg
  • Spawn Location: 11:00

VOD

Have the link to the VOD?

Description

Time

  • Played on: June 28, 2017, 1:50 p.m.
  • Length: 6:22
Show
View Real Time Build Order
Export as new Build Order

zidar Zerg 

Build Orders: 1 Base Baneling Bust, Pool First 

Get SALT Encoding   

  12  0:01  Drone  
  13  0:08  Drone  
  14  0:19  Extractor, Drone  
  14  0:34  Spawning Pool  
  13  0:38  Drone  
  14  0:47  Overlord  
  14  0:57  Overlord  
  14  1:20  Zergling x2  
  14  1:21  Queen, Zergling x2  
  18  1:26  Zergling x2  
  19  1:37  Baneling Nest  
  18  1:40  Zergling x2  
  19  1:51  Zergling x2  
  20  1:56  Zergling x2  
  21  2:17  Metabolic Boost  
  21  2:28  Zergling x4  
  21  2:29  Zergling x2  
  24  2:31  Zergling x6  
  27  2:49  Baneling x6  
  27  2:55  Zergling x2  
  27  2:56  Zergling x2  
  18  3:42  Zergling x12  
  22  3:55  Drone  
  22  4:06  Hatchery  
  21  4:21  Zergling x4  
  23  4:29  Spine Crawler  
  22  4:33  Drone  
  23  4:46  Spine Crawler  
  22  4:58  Drone x2  
  22  5:31  Zergling x8  
  26  5:36  Hatchery  
Show
View Real Time Build Order
Export as new Build Order

RedDog Zerg - Winner!

Build Orders: Pool Only 

Get SALT Encoding   

  12  0:01  Drone  
  13  0:12  Overlord  
  13  0:17  Drone  
  14  0:30  Drone  
  14  0:31  Drone  
  14  0:35  Drone  
  17  0:38  Extractor  
  16  0:45  Drone  
  17  0:53  Spawning Pool  
  17  0:56  Drone  
  17  1:06  Drone  
  18  1:19  Extractor, Drone  
  18  1:29  Overlord  
  18  1:38  Drone  
  19  1:41  Queen  
  19  1:45  Roach Warren  
  20  1:54  Zergling x2  
  21  2:02  Overlord  
  21  2:23  Overlord x2  
  21  2:36  Drone  
  22  2:49  Roach  
  24  2:51  Roach  
  24  2:53  Roach x2  
  30  3:02  Roach  
  32  3:08  Roach  
  32  3:10  Ravager  
  33  3:25  Drone x2  
  33  3:26  Drone  
  32  3:39  Drone  
  31  3:51  Roach  
  33  4:00  Roach x2  
  37  4:26  Queen  
  37  4:28  Roach x2  
  43  4:55  Roach x3  
  49  5:09  Roach  
  49  5:32  Ravager x5  
  54  5:37  Overlord x2  
  54  5:46  Overlord x2  
  48  6:08  Ravager  
Tags
 
Add a new tag
Caveats
  • Supply blocks, unpowered buildings, or Contaminate may cause inaccurate times.
  • Supply counts are checked every 10 seconds.